 Dungeon Crawl Stone Soup version 0.25-a0-1056-g2efb326896 (webtiles) character file.

Game seed: 3979594982997302059, levelgen mode: deterministic

955 Flugslaktarn the Chopper (level 8, 0/42 HPs)
             Began as a Vine Stalker Fighter on May 13, 2020.
             Slain by a river rat (3 damage)
             ... summoned by Eustachio
             ... on level 5 of the Dungeon.
             The game lasted 00:02:00 (3406 turns).

Flugslaktarn the Chopper (Vine Stalker Fighter)     Turns: 3406, Time: 00:02:01

Health: 0/42       AC:  9    Str: 19    XL:     8   Next: 14%
Magic:  0/9        EV:  7    Int:  8    God:
Gold:   283        SH: 10    Dex: 16    Spells: 7/7 levels left

rFire    . . .     SeeInvis .   a - +0 war axe
rCold    . . .     Gourm    .   c - +0 kite shield
rNeg     . . .     Faith    .   b - +0 scale mail
rPois    .         Spirit   +   (no helmet)
rElec    .         Reflect  .   (no cloak)
rCorr    .         Harm     .   g - +0 pair of gloves
MR       +....                  y - +0 pair of boots (curse)
Stlth    ..........             (no amulet)
HPRegen  0.54/turn              (no ring)
MPRegen  0.11/turn              (no ring)

@: no status effects
A: fangs 3, regeneration 1, magic shield, antimagic bite, no potion heal 3, rot
immunity
a: no special abilities


You were on level 5 of the Dungeon.
You were hungry.

You visited 1 branch of the dungeon, and saw 5 of its levels.

You collected 283 gold pieces.

Inventory:

Hand Weapons
 a - a +0 war axe (weapon)
Armour
 b - a +0 scale mail (worn)
 c - a +0 kite shield (worn)
 g - a +0 pair of gloves (worn)
   (You found it on level 1 of the Dungeon)
 y - a cursed +0 pair of boots (worn)
   (You found it on level 5 of the Dungeon)
Jewellery
 r - an uncursed ring of protection from fire {unknown}
   (You found it on level 2 of the Dungeon)
 v - a +3 ring of evasion {unknown}
   (You found it on level 5 of the Dungeon)
Scrolls
 f - 5 scrolls of teleportation {unknown}
 h - 5 scrolls of remove curse {unknown}
 i - 5 scrolls of identify {unknown}
 j - a scroll of enchant armour {unknown}
 k - 2 scrolls of noise {unknown}
 l - a scroll of immolation {unknown}
 n - a scroll of amnesia {unknown}
 o - 2 scrolls of enchant weapon {unknown}
 p - a scroll of fear {unknown}
 q - a scroll of fog {unknown}
 s - 3 scrolls of magic mapping {unknown}
Potions
 d - a potion of might
 m - a potion of ambrosia {unknown}
 t - a potion of berserk rage {unknown}
 u - 2 potions of curing {unknown}
 w - a potion of lignification {unknown}
Comestibles
 e - 6 rations


   Skills:
 + Level 4.5 Fighting
 * Level 5.4 Axes
 + Level 4.1 Armour
 + Level 4.5 Shields


You had 7 spell levels left.
You didn't know any spells.
Your spell library was empty.

Dungeon Overview and Level Annotations

Branches:
Dungeon (5/15)
 Temple: D:4-7

Altars:
Ashenzari
Elyvilon

Annotations:
D:5 Eustachio


Innate Abilities, Weirdness & Mutations

You have razor-sharp teeth.
Your natural rate of healing is unusually fast.
When hurt, damage is shared between your health and your magic reserves.
Your bite disrupts and absorbs the magic of your enemies.
Potions cannot restore your health.
You are immune to rotting.


Message History

You hit the river rat but do no damage. You closely miss the river rat.
You block Eustachio's attack. The river rat barely misses you.
The river rat bites you.
* * * LOW HITPOINT WARNING * * *
You block Eustachio's attack.
You are feeling hungry.
You closely miss Eustachio.
Eustachio is heavily wounded.
You closely miss the river rat. x2; You miss the ufetubus.
You block the ufetubus's attack. x2; The river rat bites you.
* * * LOW HITPOINT WARNING * * *
The river rat barely misses you.
Eustachio twirls his moustache.
Eustachio casts a spell.
The ufetubus hits you but does no damage. x2
You closely miss Eustachio.
Eustachio is heavily wounded.
You closely miss the ufetubus. You barely miss the river rat.
You hit the river rat but do no damage. The river rat bites you.
You die...

#####.#####.......# #..####.# .
.. #.# #....#.## #..#....# #. #.
#.# #......# #..#.##.# #(##.##o#
##...### #........ #......r#
#...# ######.#... .!....#r##
#.).# #>.....#...
##.#..#5#######...#####.####.##..
.....r#.#....>.5rr5.....####.####
..#...r........@@.........)....#
#......#..........5.....#.#.##(#
.....##.##.####5..#####......##.#
####. ..##.# #...# ##........# #
#####.# #...# #.#...#### ..#
#...# #.รท...#### ### #...#
####...... #...# #...... #####
##.##### ##......


You could see Eustachio, 2 iron imps, 2 river rats and 2 ufetubi.

Vanquished Creatures
  An ice beast (D:5)
  3 ogres (D:4)
  A bullfrog (D:4)
  A scorpion (D:4)
  3 hounds
  An orc priest (D:4)
  An orc wizard (D:4)
  A bullfrog skeleton (D:5)
  An iguana (D:4)
  2 worker ants
  3 worker ant zombies
  A howler monkey skeleton (D:4)
  8 adders
  2 oozes
  A worm (D:2)
  2 dart slugs (D:1)
  5 leopard geckos
  16 orcs
  6 bats
  3 giant cockroaches
  11 goblins
  9 hobgoblins
  8 jackals
  2 quokkas
  6 frilled lizards
  6 kobolds
  A leopard gecko skeleton (D:4)
  8 rats
113 creatures vanquished.

Notes
Turn   | Place    | Note
-------+----------+-------------------------------------------
     0 | D:1      | Flugslaktarn the Vine Stalker Fighter began the quest for
                  | the Orb.
     0 | D:1      | Reached XP level 1. HP: 11/11 MP: 2/2
    26 | D:1      | Reached skill level 2 in Axes
   288 | D:1      | Reached XP level 2. HP: 16/16 MP: 3/3
   326 | D:1      | Reached XP level 3. HP: 13/19 MP: 4/4
   820 | D:2      | Gained mutation: Your natural rate of healing is unusually
                  | fast. [Vine Stalker growth]
   820 | D:2      | Reached XP level 4. HP: 21/24 MP: 3/5
   950 | D:2      | Reached skill level 3 in Axes
  1118 | D:2      | Reached XP level 5. HP: 27/28 MP: 6/6
  2031 | D:3      | Found a white marble altar of Elyvilon.
  2033 | D:3      | Found a shattered altar of Ashenzari.
  2350 | D:4      | Noticed an ogre
  2357 | D:4      | Killed an ogre
  2357 | D:4      | Reached XP level 6. HP: 23/32 MP: 4/7
  2468 | D:4      | Reached skill level 4 in Axes
  2544 | D:4      | Reached XP level 7. HP: 16/37 MP: 3/8
  2957 | D:4      | Reached skill level 5 in Axes
  3008 | D:5      | Entered Level 5 of the Dungeon
  3099 | D:5      | Gained mutation: You have razor-sharp teeth. [Vine Stalker
                  | growth]
  3099 | D:5      | Reached XP level 8. HP: 41/42 MP: 7/9
  3358 | D:5      | Noticed Eustachio
  3371 | D:5      | HP: 1/42 [ufetubus[Eustachio] (3)]
  3377 | D:5      | HP: 2/42 [ufetubus[Eustachio] (2)]
  3405 | D:5      | HP: 2/42 [river rat[Eustachio] (2)]
  3406 | D:5      | Slain by a river rat

Illustrated notes

Levels and vault maps discovered:
D:1:      scummos_arrival_star, layout_rooms
D:2:      layout_basic, minmay_box_of_dots
D:3:      layout_loops_corners, nicolae_overflow_hidden_temple, first_ration
D:4:      layout_rooms, patterned_corridor
D:5:      layout_loops_cross, uniq_eustachio, uniq_crazy_yiuf_cottage,
          uniq_menkaure, uniq_pikel

Skill      XL: |  1  2  3  4  5  6  7 |
---------------+----------------------+-----
Axes           | 2 3 4 5 |  5.4
Fighting       | 3 4 |  4.5
Shields        | 3 4 |  4.5
Armour         | 3 4 |  4.1

Action                   |  1- 3 |  4- 6 |  7- 9 || total
-------------------------+-------+-------+-------++-------
Melee: War axe           |    58 |   141 |    80 ||   279
       Bite              |    16 |    36 |    30 ||    82
  Eat: Chunk             |       |     5 |     3 ||     8
Armor: Scale mail        |    26 |    67 |    54 ||   147
Dodge: Dodged            |    24 |    50 |    46 ||   120
Block: Kite shield       |    46 |    96 |    68 ||   210

Table legend:
 A = Non-vault XP
 B = Vault XP
 C = Vault XP percentage of total XP
 D = Non-vault monster count
 E = Vault monster count
 F = Vault count percentage of total count
                 A         B        C        D         E       F
            +---------+---------+-------+---------+---------+-------
      Total |    1363 |       2 |   0.1 |     111 |       2 |   1.8
            +---------+---------+-------+---------+---------+-------
        D:1 |      51 |       0 |   0.0 |      26 |       0 |   0.0
        D:2 |     127 |       2 |   1.6 |      25 |       2 |   7.4
        D:3 |      53 |       0 |   0.0 |      23 |       0 |   0.0
        D:4 |     825 |       0 |   0.0 |      25 |       0 |   0.0
        D:5 |     307 |       0 |   0.0 |      12 |       0 |   0.0
            +---------+---------+-------+---------+---------+-------
